Map: Void Thrashing

Players

Sheo

  • Race: Zerg Zerg
  • Spawn Location: 6:00

NamroodTuo

  • Race: Terran Terran
  • Spawn Location: 9:00

VOD

Have the link to the VOD?

Description

Time

  • Played on: Feb. 6, 2023, 11:58 a.m.
  • Length: 16:54
Show
View Real Time Build Order
Export as new Build Order

Sheo Zerg 

Build Orders:  

Get SALT Encoding   

  12  0:07  Drone  
  13  0:18  Drone  
  14  0:42  Overlord  
  14  0:49  Extractor, Drone  
  14  1:12  Drone  
  14  1:13  Drone x3  
  14  1:14  Drone x2  
  20  1:30  Roach Warren  
  20  1:31  Drone  
  20  1:58  Drone x2  
  22  2:00  Overlord  
  22  2:02  Overlord  
  22  2:05  Queen  
  24  2:31  Roach  
  24  2:34  Roach  
  28  2:53  Roach x2  
  28  2:57  Drone  
  20  3:10  Drone x2  
  33  3:11  Drone  
  33  3:14  Extractor  
  35  3:31  Drone x2  
  35  3:32  Drone  
  35  3:37  Overlord  
  38  3:44  Evolution Chamber  
  37  3:56  Bio-Mechanical Transfusion  
  37  3:59  Overlord x2  
  37  4:08  Hydriodic Bile  
  37  4:45  Hatchery  
  36  5:14  Drone  
  36  5:16  Roach  
  36  5:17  Roach x2  
  36  5:19  Zerg Missile Weapons Level 1  
  43  5:24  Drone  
  43  5:25  Drone  
  45  5:41  Roach  
  43  6:03  Brutalisk  
  43  6:14  Drone  
  43  6:15  Drone x8  
  43  6:16  Drone x4  
  56  6:31  Queen x2  
  56  6:57  Extractor x2, Drone x2  
  56  6:58  Roach  
  60  7:01  Drone  
  61  7:14  Roach x2  
  61  7:15  Roach  
  67  7:20  Brutalisk  
  67  7:21  Glial Reconstitution  
  67  7:26  Zerg Ground Armor Level 1  
  67  7:33  Lair  
  67  8:05  Drone  
  67  8:07  Overlord  
  67  8:08  Roach, Overlord x2  
  68  8:10  Bloated Bile Ducts  
  68  8:13  Queen  
  68  8:20  Infestation Pit  
  68  8:21  Roach x3, Drone  
  68  8:22  Roach x2  
  68  8:28  Queen  
  68  8:30  Brutalisk  
  68  8:37  Zerg Missile Weapons Level 2  
  68  8:39  Ravager x3  
  73  8:40  Ravager x2  
  73  8:42  Queen  
  77  8:55  Drone x2  
  77  8:56  Drone  
  77  8:57  Drone  
  77  8:58  Queen  
  81  9:02  Roach  
  81  9:03  Roach x2  
  91  9:58  Hive  
  91  10:03  Overlord  
  91  10:04  Overlord x5  
  91  10:45  Roach x3  
  91  10:50  Potent Bile  
  91  10:52  Zerg Ground Armor Level 2  
  91  10:55  Roach  
  91  10:56  Roach x7  
  107  11:03  Ravager x3  
  107  11:06  Roach x2  
  114  11:43  Adaptive Plating  
  114  11:57  Overseer  
  114  11:58  Overseer  
  114  12:02  Overlord x4  
  114  12:03  Roach  
  114  12:04  Roach x5  
  126  12:16  Zerg Missile Weapons Level 3  
  124  12:27  Roach x7  
  122  12:39  Roach x4  
  120  12:45  Ravager x7  
  120  12:47  Roach  
  120  12:48  Roach x7  
  143  12:55  Unknown  
  143  12:57  Ravager x4  
  147  13:28  Overlord  
  147  13:29  Overlord x3  
  144  13:52  Zerg Ground Armor Level 3  
  144  13:54  Roach  
  144  13:55  Roach x9  
  144  14:06  Roach x6  
  144  14:07  Roach x3  
  162  14:12  Ravager  
  162  14:13  Ravager x9  
  162  14:16  Roach  
  174  14:20  Roach x2  
  174  14:21  Roach x3  
  174  14:29  Overseer x3  
  174  14:33  Overlord x2  
  174  14:38  Ravager x2  
  174  14:39  Ravager x3  
  179  14:42  Roach  
Show
View Real Time Build Order
Export as new Build Order

NamroodTuo Terran 

Build Orders:  

Get SALT Encoding   

  12  0:03  SCV  
  13  0:16  SCV  
  14  0:30  SCV  
  14  0:32  Supply Depot  
  15  0:46  SCV  
  16  0:59  SCV  
  17  1:13  SCV  
  18  1:26  SCV, Factory  
  19  1:40  SCV  
  20  1:51  Supply Depot  
  20  1:54  SCV  
  21  2:07  SCV  
  22  2:17  Refinery  
  22  2:19  Refinery  
  22  2:21  SCV  
  23  2:34  SCV  
  24  2:48  SCV  
  24  2:49  Perdition Turret  
  25  3:01  SCV, Supply Depot  
  25  3:02  Factory Tech Reactor  
  26  3:14  Perdition Turret  
  26  3:15  SCV  
  27  3:21  Perdition Turret  
  27  3:43  Perdition Turret  
  27  3:46  Perdition Turret  
  27  3:51  SCV  
  28  4:01  Armory  
  28  4:05  SCV  
  28  4:08  Engineering Bay  
  29  4:18  SCV  
  30  4:32  SCV  
  31  4:45  SCV  
  32  5:04  Upgrade Laser Drill Level 1  
  32  5:08  Advanced Optics  
  32  5:16  Starport  
  32  5:57  Factory  
  32  6:00  330mm Barrage Cannon  
  32  6:14  Starport Tech Reactor  
  32  6:42  Factory Tech Reactor  
  32  7:05  Supply Depot  
  32  7:08  Regenerative Bio-Steel  
  32  7:10  Science Vessel  
  34  7:21  Supply Depot  
  34  7:29  Devastation Turret  
  34  7:39  Supply Depot  
  34  7:47  Perdition Turret  
  34  7:55  Supply Depot  
  34  8:04  Spinning Dizzy  
  34  8:09  Command Center  
  34  8:13  Supply Depot  
  34  8:28  Supply Depot  
  34  8:35  Thor  
  40  9:05  SCV  
  41  9:16  Spinning Dizzy  
  41  9:18  SCV  
  42  9:28  Refinery, Devastation Turret  
  42  9:29  Refinery  
  42  9:32  SCV  
  43  9:45  SCV  
  43  9:48  Upgrade Laser Drill Level 2  
  44  9:59  SCV  
  45  10:12  SCV  
  46  10:26  SCV  
  46  10:28  Spinning Dizzy  
  47  10:39  SCV  
  47  10:48  Perdition Turret  
  48  10:50  Thor  
  48  10:53  SCV  
  48  10:59  Terran Vehicle and Ship Weapons Level 1  
  55  11:04  Structure Armor  
  55  11:07  SCV  
  56  11:20  SCV  
  57  11:34  SCV  
  58  11:47  SCV  
  59  12:01  SCV  
  59  12:07  Thor x2  
  72  12:11  Science Vessel  
  72  12:14  SCV  
  75  12:30  Thor  
  81  12:42  Science Vessel  
  83  13:14  Thor  
  89  13:46  Devastation Turret  
  89  14:23  Fire-Suppression Systems  
  89  14:36  Improved Nano-Repair  
  89  15:23  KMC Auto-Loaders  
Tags
 
Commander
AbathurSwann
Matchup
Co-op
Replay Pack
Multiplayer
Add a new tag
Caveats
  • Supply blocks, unpowered buildings, or Contaminate may cause inaccurate times.
  • Supply counts are checked every 10 seconds.